 Dungeon Crawl Stone Soup version 0.23-a0-512-g50a8178 (webtiles) character file.

5 TheGoonsmith the Firebug (level 1, 0/10 HPs)
             Began as a Gargoyle Fire Elementalist on Dec 4, 2018.
             Slain by a jackal (2 damage)
             ... on level 1 of the Dungeon.
             The game lasted 00:00:32 (105 turns).

TheGoonsmith the Firebug (GrFE)                      Turns: 105, Time: 00:00:32

Health: 0/10       AC:  4    Str: 11    XL:     1   Next: 80%
Magic:  0/3        EV: 12    Int: 15    God:
Gold:   6          SH:  0    Dex: 10    Spells: 3/4 levels left

rFire    . . .     SeeInvis .   b - +0 mace
rCold    . . .     Gourm    .   (no shield)
rNeg     + . .     Faith    .   a - +0 robe
rPois    ∞         Spirit   .   (no helmet)
rElec    +         Reflect  .   (no cloak)
rCorr    .         Harm     .   (no gloves)
MR       .....                  (no boots)
Stlth    ++........             (no amulet)
HPRegen  0.03/turn              (no ring)
MPRegen  0.08/turn              (no ring)

@: no status effects
A: negative energy resistance 1, electricity resistance, unbreathing,
petrification resistance, rot immunity, AC +2
a: no special abilities


You were on level 1 of the Dungeon.
You were not hungry.

You visited 1 branch of the dungeon, and saw 1 of its levels.

You collected 6 gold pieces.

Inventory:

Hand Weapons
 b - a +0 mace (weapon)
Armour
 a - a +0 robe (worn)
Jewellery
 e - an uncursed amulet of faith {unknown}
Scrolls
 d - a scroll of identify {unknown}
Comestibles
 c - a ration


   Skills:
 - Level 1.5 Dodging
 - Level 2.1 Stealth
 + Level 2.2 Spellcasting
 + Level 1.2 Conjurations
 + Level 3.1 Fire Magic


You had 3 spell levels left.
You knew the following spells:

 Your Spells              Type           Power        Failure   Level  Hunger
a - Flame Tongue          Conj/Fire      #....        9%          1    #......

Your spell library contained the following spells:

 Spells                   Type           Power        Failure   Level  Hunger
 Throw Flame              Conj/Fire      #.....       13%         2    ###....
 Conjure Flame            Conj/Fire      #.......     26%         3    ###....
 Inner Flame              Hex/Fire       #.......     34%         3    ###....
 Sticky Flame             Conj/Fire      #.......     65%         4    #####..
 Fireball                 Conj/Fire      #.........   94%         5    ######.


Dungeon Overview and Level Annotations

Branches:
Dungeon (1/15)

Altars:


Innate Abilities, Weirdness & Mutations

You are resistant to torment.
Your stone body is resilient. (AC +2)
You are immune to poison.
You resist negative energy. (rN+)
You are resistant to electric shocks. (rElec)
You can survive without breathing.
You are immune to petrification.
You are immune to rotting.


Message History

Confirm with . or Enter, or press ? or * to list all spells.
Aiming: Flame Tongue (safe; 9% risk of failure)
Press: ? - help, Shift-Dir - straight line, f - jackal
Aim: a jackal The flame tongue misses the jackal.
The jackal bites you.
* * * LOW HITPOINT WARNING * * *
Casting: Flame Tongue (safe; 9% risk of failure)
Confirm with . or Enter, or press ? or * to list all spells.
You don't have enough magic to cast that spell.
You aren't carrying any potions.
Okay, then.
The jackal barely misses you.
You are too injured to fight recklessly!
You hit the jackal.
The jackal is almost dead.
The jackal closely misses you. The jackal barely misses you.
You hit the jackal.
You kill the jackal!
The jackal bites you.
You die...

#'# ###.# #.... ####### ##...(
####.....# #..... # #......###
#..... #.#########.##.###
#.....
#.........gh##.#########.....
...#...######@...............#
# ###.## #........######### ..
#h.#####..........#
#..###h#..............#
#.)!..g....#..........#
.......................#
...###.................#
>...$..................#
...##..$.......†......


You could see a jackal and a hobgoblin.

Vanquished Creatures
  A hobgoblin (D:1)
  2 jackals (D:1)
  2 bats (D:1)
5 creatures vanquished.

Notes
Turn   | Place    | Note
-------+----------+-------------------------------------------
     0 | D:1      | TheGoonsmith the Gargoyle Fire Elementalist began the quest
                  | for the Orb.
     0 | D:1      | Reached XP level 1. HP: 10/10 MP: 3/3
   105 | D:1      | Slain by a jackal

Vault maps used:
D:1:      dpeg_arrival_rooms_b

Action                   || total
-------------------------++-------
Melee: Mace              ||     2
 Cast: Flame Tongue      ||     7
Armor: Robe              ||     1
Dodge: Dodged            ||    10

Table legend:
 A = Non-vault XP
 B = Vault XP
 C = Vault XP percentage of total XP
 D = Non-vault monster count
 E = Vault monster count
 F = Vault count percentage of total count
                 A         B        C        D         E       F
            +---------+---------+-------+---------+---------+-------
      Total |       8 |       0 |   0.0 |       5 |       0 |   0.0
            +---------+---------+-------+---------+---------+-------
        D:1 |       8 |       0 |   0.0 |       5 |       0 |   0.0
            +---------+---------+-------+---------+---------+-------
